 Dungeon Crawl Stone Soup version 0.32-a0-837-g8d3e27d251 (webtiles) character file.

Game seed: 5774635601882665636

12 Ajdolov the Cudgeller (level 2, -2/25 HPs)
             Began as an Armataur Gladiator on Mar 26, 2024.
             Slain by Natasha (3 damage)
             ... on level 1 of the Dungeon.
             The game lasted 00:00:50 (951 turns).

Ajdolov the Cudgeller (Armataur Gladiator)           Turns: 951, Time: 00:00:50

Health: -2/25      AC:  5    Str: 19    XL:     2   Next: 20%
Magic:  2/2        EV:  8    Int:  8    God:
Gold:   55         SH:  0    Dex: 11    Spells: 1/1 levels left

rFire   . . .        a - +0 flail
rCold   . . .        (no shield)
rNeg    . . .        b - +0 leather armour
rPois   .            c - +0 helmet
rElec   .            (no cloak)
rCorr   .            (no gloves)
SInv    .            (no barding)
Will    .....        (no amulet)
Stlth   +            (no ring)
HPRegen 0.24/turn    (no ring)
MPRegen 0.08/turn

%: roll
@: no status effects
A: large, deformed body, tough skin 3, armoured tail, rollpage 1
a: no special abilities


You were on level 1 of the Dungeon.
You visited 1 branch of the dungeon, and saw 2 of its levels.

You collected 55 gold pieces.

Inventory:

Hand Weapons
 a - a +0 flail (weapon)
Missiles
 d - 3 throwing nets (quivered)
 e - a javelin
Armour
 b - a +0 leather armour (worn)
 c - a +0 helmet (worn)
Scrolls
 f - a scroll of fear {unknown}
 g - 2 scrolls of identify {unknown}
 h - a scroll of noise {unknown}
 k - a scroll of revelation {unknown}
Potions
 i - a potion of lignification {unknown}
 j - a potion of mutation {unknown}


   Skills:
 + Level 2.6 Fighting
 - Level 2.6 Maces & Flails
 - Level 1.7 Throwing
 - Level 2.1 Dodging


You had one spell level left.
You didn't know any spells.
Your spell library was empty.

Dungeon Overview and Level Annotations

Branches:
Dungeon (2/15)

Altars:

Annotations:
D:1 Natasha


Innate Abilities, Weirdness & Mutations

Armour fits poorly on your strangely shaped body.
You have extremely tough skin. (AC +3)
You have a long armoured tail.
You regenerate magic when rolling toward enemies. (Rampage MPRegen)


Message History

The cerulean imp barely misses you. The cerulean imp misses you.
Natasha barely misses you.
Unknown command.
You sock Natasha!
Natasha is severely wounded.
The bat hits you but does no damage. The cerulean imp barely misses you.
The cerulean imp hits you from afar with a +1 spear.
Natasha claws you but does no damage.
The cerulean imp hits you but does no damage.
The bat hits you. The cerulean imp barely misses you.
The cerulean imp attacks as it pursues you!
The cerulean imp hits you from afar with a +1 spear.
The bat closely misses you.
The cerulean imp hits you from afar with a +1 spear.
The bat barely misses you.
The cerulean imp attacks as it pursues you!
The cerulean imp hits you from afar with a +1 spear.
The cerulean imp hits you but does no damage.
There is a stone staircase leading up here.
Unknown command.
The bat hits you but does no damage. The cerulean imp barely misses you.
Natasha claws you!
* * * LOW HITPOINT WARNING * * *
The cerulean imp completely misses you.
The cerulean imp hits you but does no damage.
You climb upwards.
The cerulean imp disappears in a puff of smoke! x3
There is a stone staircase leading down here.
Unknown command.
Okay, then.
You barely miss Natasha.
Natasha is severely wounded.
Natasha claws you.
* * * LOW HITPOINT WARNING * * *
Unknown command.
You miss Natasha.
Natasha is severely wounded.
Natasha claws you but does no damage. Natasha claws you.
You die...
Natasha begins licking her fur clean.

##.....#.........#
##...##########.#
##'## #.#
###.##### #.#
#.......# #.#
#)#.###.## #.#
##........# #.#
#^........######h#
#...............@#
#..#.#.#..########
.......#..#
#..#.###..#
#.........#
#.........#
####......# #
#.########### #
#.# #.......#


You could see Natasha.

Vanquished Creatures
  A dart slug (D:1)
  3 endoplasms (D:1)
  A hobgoblin (D:1)
  2 bats (D:1)
  A frilled lizard (D:1)
  2 rats (D:1)
10 creatures vanquished.

Notes
Turn   | Place    | Note
-------+----------+-------------------------------------------
     0 | D:1      | Ajdolov the Armataur Gladiator began the quest for the Orb.
     0 | D:1      | Reached XP level 1. HP: 17/17 MP: 1/1
   501 | D:1      | Reached XP level 2. HP: 25/25 MP: 2/2
   857 | D:2      | Noticed Natasha
   948 | D:2      | HP: 1/25 [Natasha (7)]
   951 | D:1      | Slain by Natasha

Illustrated notes

Levels and vault maps discovered:
D:1:      wander_arrival_chamber, layout_loops_corners, minivault_23,
          minmay_tetromino_o2
D:2:      layout_rooms, shapermc_ecumenical_altar_starsandcircs, uniq_natasha

Skill      XL: |  1 |
---------------+----+-----
Fighting       | 2 |  2.6
Maces & Flails | |  2.6
Throwing       | |  1.7
Dodging        | |  2.1

Action                     || total
---------------------------++-------
  Melee: Flail             ||    27
         Tailslap          ||     3
 Armour: Leather armour    ||    32
  Dodge: Dodged            ||    24

Table legend: (Time is in decaauts)
 A = Elapsed time spent in this place.
 B = Non-inter-level travel time spent in this place.
 C = Inter-level travel time spent in this place.
 D = Time resting spent in this place.
 E = Time spent auto-exploring this place.
 F = Levels seen in this place.
 G = Mean time per level.
                   A        B        C        D        E       F      G
               +--------+--------+--------+--------+--------+-----+--------+
         Total |    961 |    871 |     90 |      0 |    773 |   2 |  480.5 |
       Dungeon |    961 |    871 |     90 |      0 |    773 |   2 |  480.5 |
               +--------+--------+--------+--------+--------+-----+--------+

Top non-repeatable levels by time:
     D:1: 933 daAuts
     D:2: 27 daAuts
